Red Wings vs Rangers

Created - December 5, 2025 at 19:25

Goals
1 2 3 T
Red Wings 0 2 0 2
Rangers 2 2 0 4
Shots
1 2 3 T
Red Wings 11 14 7 32
Rangers 12 18 3 33

1st period

1. Rangers , Ryan Strome 4 (Milan Lucic 9, Sean Couturier 8) at 7:51 (PP)
2. Rangers , Oliver Bjorkstrand 3 (Tomas Hertl 5, Cale Makar 12) at 16:37

Penalties :
Ryan Johansen (Det) for Cross-checking (Minor) at 7:34, Colton Parayko (Det) for Holding (Minor) at 11:55

2nd period

3. Rangers , Tomas Hertl 4 (Derrick Pouliot 2, Steven Santini 2) at 2:39
4. Rangers , Milan Lucic 6 (Tomas Hertl 6, Ondrej Palat 4) at 7:08
5. Red Wings , Roland McKeown 2 (Danton Heinen 6, Dylan Larkin 4) at 18:41
6. Red Wings , Danton Heinen 6 (Colton Parayko 10, Dylan Larkin 5) at 19:36

Penalties :
Milan Lucic (NyR) for Tripping (Minor) at 4:52, Ryan Johansen (Det) for Delaying the game (Minor) at 10:41, Colton Parayko (Det) for Hooking (Minor) at 14:08

3rd period

No Goal

Penalties :
Milan Lucic (NyR) for High sticking (Minor) at 0:38, Ondrej Palat (NyR) for Holding (Minor) at 9:24, Brendan Woods (Det) for Hooking (Minor) at 11:39, Logan Brown (Det) for Slashing (Double Minor) at 15:14

Goalie Stats

Carter Hart (Det), 29 saves from 33 shots - (0.879), L, 6-6-1, 60:00 minutes
Samuel Montembeault (NyR), 30 saves from 32 shots - (0.938), W, 5-6-0, 60:00 minutes

Players Stats for Red Wings

Player Name              G  A  P  +/- PIM S  H  SB GA TA FO     MP     PP MP  PK MP  
------------------------------------------------------------------------------------
Brendan Woods            0  0  0  -1  2   0  0  0  0  1  0/0     9:50   0:00   3:38 
Carson Mcmillan          0  0  0  -1  0   0  1  1  2  0  1/1    12:23   0:02   6:11 
Christoffer Ehn          0  0  0  -1  0   1  2  0  0  0  5/12   15:10   0:02   6:25 
Colton Parayko           0  1  1   1  4   4  1  0  0  0  0/0    21:24   3:36   0:46 
Connor Brown             0  0  0   1  0   6  0  0  0  0  0/0    18:00   3:22   0:00 
Danton Heinen            1  1  2   1  0   6  0  0  0  0  1/1    18:25   2:33   1:35 
Dylan Larkin             0  2  2   1  0   2  1  0  0  0  7/15   18:45   3:22   0:44 
Gabriel Carlsson         0  0  0  -1  0   2  0  1  0  0  0/0    16:00   0:00   4:55 
Ivan Provorov            0  0  0   0  0   0  2  1  0  1  0/0    20:53   2:21   0:46 
Jake Virtanen            0  0  0   0  0   1  2  1  1  1  0/2    15:19   2:33   0:00 
Jason Akeson             0  0  0  -1  0   2  1  0  0  0  0/0     8:21   0:02   0:00 
Logan Brown              0  0  0  -1  4   2  1  0  0  1  0/0    12:17   3:36   0:00 
Martin Marincin          0  0  0   0  0   0  0  1  0  0  0/0    18:29   0:00   4:55 
Michael Kostka           0  0  0  -1  0   1  0  0  0  0  0/0    16:28   0:00   6:31 
Nino Niederreiter        0  0  0   0  0   0  3  0  1  0  0/0    18:58   3:22   2:39 
Roland McKeown           1  0  1  -1  0   1  1  0  0  1  0/0    22:40   2:21   6:31 
Ryan Johansen            0  0  0   0  4   2  0  0  2  2  6/19   15:22   2:33   0:00 
T.J. Hensick             0  0  0  -1  0   2  0  2  0  0  2/2     8:58   0:00   3:12 

Players Stats for Rangers

Player Name              G  A  P  +/- PIM S  H  SB GA TA FO     MP     PP MP  PK MP  
------------------------------------------------------------------------------------
Cale Makar               0  1  1  -1  0   2  2  3  0  0  0/0    25:30   7:08   3:14 
Casey Mittelstadt        0  0  0   0  0   1  2  0  0  0  2/5    12:10   0:51   2:59 
David Pope               0  0  0   0  0   1  1  0  1  0  0/1    12:10   0:54   2:19 
Derrick Pouliot          0  1  1   2  0   0  0  1  0  0  0/0    14:02   0:13   0:08 
Devante Smith-Pelly      0  0  0   0  0   2  2  0  0  0  0/0    12:46   4:54   0:00 
Henrik Samuelsson        0  0  0   0  0   0  1  1  2  1  3/3    10:51   0:00   1:55 
Jake McCabe              0  0  0  -1  0   0  0  1  0  2  0/0    23:28   4:51   3:22 
Mikhail Sergachev        0  0  0   0  0   2  2  1  0  0  0/0    20:28   4:51   2:35 
Milan Lucic              1  1  2   1  4   6  1  1  1  0  1/2    19:52   6:24   0:59 
Oliver Bjorkstrand       1  0  1   1  0   2  0  0  0  0  1/1    13:38   0:51   0:00 
Ondrej Palat             0  1  1   0  2   3  1  0  0  0  0/0     9:37   0:00   1:02 
Ryan Strome              1  0  1   0  0   2  0  0  0  0  1/1    20:28   6:27   2:05 
Sean Couturier           0  1  1   0  0   1  1  1  0  0  13/23  19:10   6:27   0:35 
Sebastian Collberg       0  0  0   0  0   1  0  0  0  0  0/1     8:54   0:00   0:00 
Steven Santini           0  1  1   2  0   1  0  1  1  2  0/0    13:38   0:13   0:00 
Tomas Hertl              1  2  3   1  0   3  1  0  0  0  9/13   17:25   4:54   0:00 
Viktor Arvidsson         0  0  0   0  0   4  0  0  2  1  0/2    16:59   4:54   0:00 
Vince Dunn               0  0  0   0  0   2  3  0  0  0  0/0    22:54   7:08   2:35 

3 Stars

1 - Tomas Hertl (NyR)
2 - Danton Heinen (Det)
3 - Oliver Bjorkstrand (NyR)

Power Play

Red Wings - 0 on 3 Attempt(s) - 0.00%
Rangers - 1 on 7 Attempt(s) - 14.29%

Penalty Kill

Red Wings - 6 on 7 Attempt(s) - 85.71% - Score 0 goal in Penalty Kill
Rangers - 3 on 3 Attempt(s) - 100.00% - Score 0 goal in Penalty Kill

Team Stat

Red Wings - Hits : 15 - Faceoff Wins : 22 - Blocked Shots : 7 - Penalty Minutes : 14
Rangers - Hits : 17 - Faceoff Wins : 30 - Blocked Shots : 10 - Penalty Minutes : 6

Official

Referees : Mitch Dunning and Beaudry Halkidis
Linesman : Derek Nansen and Ryan Daisy

Game Notes

No Game Note

Finance

Level 1 -- Attendance: 6000 (100.00%) -- Ticket Income $600,000
Level 2 -- Attendance: 5000 (100.00%) -- Ticket Income $350,000
Level 3 -- Attendance: 1728 (86.40%) -- Ticket Income $69,120
Level 4 -- Attendance: 3776 (94.40%) -- Ticket Income $113,280
Luxury Box -- Attendance: 920 (92.00%) -- Ticket Income $184,000
Game was played at the Madison Square Garden.
Total Attendance: 17424 (96.80%)
Total Ticket Income: $1,316,400
Other Income: $197,460
Total Income: $1,513,860

Red Wings

5 vs 5 Forward 
   Center                   Left Wing                Right Wing               Time % Phy DF OF 
 1 Dylan Larkin             Danton Heinen            Connor Brown             35     1   2  2  
 2 Ryan Johansen            Nino Niederreiter        Jake Virtanen            35     1   2  2  
 3 Christoffer Ehn          Logan Brown              Jason Akeson             20     1   2  2  
 4 T.J. Hensick             Brendan Woods            Carson Mcmillan          10     1   2  2  

5 vs 5 Defense 
   Defense                  Defense                                           Time % Phy DF OF 
 1 Ivan Provorov            Colton Parayko                                    40     1   2  2  
 2 Martin Marincin          Roland McKeown                                    30     1   2  2  
 3 Michael Kostka           Gabriel Carlsson                                  20     1   2  2  
 4 Michael Kostka           Gabriel Carlsson                                  10     1   2  2  

PowerPlay Forward 
   Center                   Left Wing                Right Wing               Time % Phy DF OF 
 1 Dylan Larkin             Nino Niederreiter        Connor Brown             60     1   2  2  
 2 Ryan Johansen            Danton Heinen            Jake Virtanen            40     1   2  2  

PowerPlay Defense
   Defense                  Defense                                           Time % Phy DF OF 
 1 Logan Brown              Colton Parayko                                    60     1   2  2  
 2 Roland McKeown           Ivan Provorov                                     40     1   2  2  

Penalty Kill 4 Players Forward 
   Center                   Wing                     Time % Phy DF OF 
 1 Christoffer Ehn          Carson Mcmillan          60     1   2  2  
 2 T.J. Hensick             Brendan Woods            40     1   2  2  

Penalty Kill 4 Players Defense
   Defense                  Defense                  Time % Phy DF OF 
 1 Michael Kostka           Roland McKeown           60     1   2  2  
 2 Gabriel Carlsson         Martin Marincin          40     1   2  2  

Penalty Kill - 3 Players Forward 
   Forward                                           Time % Phy DF OF 
 1 Christoffer Ehn                                   60     1   2  2  
 2 Carson Mcmillan                                   40     1   2  2  

Penalty Kill - 3 Players Defense
   Defense                  Defense                  Time % Phy DF OF 
 1 Michael Kostka           Roland McKeown           60     1   2  2  
 2 Gabriel Carlsson         Martin Marincin          40     1   2  2  

4 vs 4 Forward 
   Center                   Wing                     Time % Phy DF OF 
 1 Dylan Larkin             Connor Brown             60     1   2  2  
 2 Ryan Johansen            Nino Niederreiter        40     1   2  2  

4 vs 4 Defense
   Defense                  Defense                  Time % Phy DF OF 
 1 Michael Kostka           Ivan Provorov            60     1   2  2  
 2 Colton Parayko           Roland McKeown           40     1   2  2  

Last Minutes Offensive
   Center                   Left Wing                Right Wing               Defense                  Defense                  
   Dylan Larkin             Nino Niederreiter        Connor Brown             Colton Parayko           Ryan Johansen            

Last Minutes Defensive
   Center                   Left Wing                Right Wing               Defense                  Defense                  
   Christoffer Ehn          T.J. Hensick             Carson Mcmillan          Colton Parayko           Roland McKeown           

Goaltenders
Starting : Carter Hart              
Backup : Matt Hackett             

Extra Forwards
Normal : Logan Brown, Christoffer Ehn, Danton Heinen - PP : Christoffer Ehn, Carson Mcmillan - PK : Nino Niederreiter
Extra Defensemen
Normal : Roland McKeown, Gabriel Carlsson, Ivan Provorov - PP : Roland McKeown - PK : Colton Parayko, Ivan Provorov
Penalty Shots
Dylan Larkin, Ryan Johansen, Carson Mcmillan, Connor Brown, Jason Akeson
Custom OT Lines Forwards
Dylan Larkin, Connor Brown, Nino Niederreiter, Ryan Johansen, Danton Heinen, Logan Brown, Jake Virtanen, Jason Akeson, Christoffer Ehn, Carson Mcmillan
Custom OT Lines Defensemen
Colton Parayko, Martin Marincin, Ivan Provorov, Roland McKeown, Gabriel Carlsson

Scratches
Philip Samuelsson (Broken Bone (Left Ankle) Injury), Sonny Milano (Healthy)

Rangers

5 vs 5 Forward 
   Center                   Left Wing                Right Wing               Time % Phy DF OF 
 1 Sean Couturier           Viktor Arvidsson         Ryan Strome              30     1   2  2  
 2 Tomas Hertl              Milan Lucic              Oliver Bjorkstrand       30     2   1  2  
 3 Casey Mittelstadt        Ondrej Palat             Devante Smith-Pelly      20     1   2  2  
 4 Henrik Samuelsson        David Pope               Sebastian Collberg       20     1   2  2  

5 vs 5 Defense 
   Defense                  Defense                                           Time % Phy DF OF 
 1 Cale Makar               Jake McCabe                                       40     1   2  2  
 2 Mikhail Sergachev        Vince Dunn                                        35     1   2  2  
 3 Derrick Pouliot          Steven Santini                                    25     1   2  2  
 4 Cale Makar               Jake McCabe                                       0      1   2  2  

PowerPlay Forward 
   Center                   Left Wing                Right Wing               Time % Phy DF OF 
 1 Sean Couturier           Milan Lucic              Ryan Strome              60     1   2  2  
 2 Tomas Hertl              Viktor Arvidsson         Devante Smith-Pelly      40     1   2  2  

PowerPlay Defense
   Defense                  Defense                                           Time % Phy DF OF 
 1 Cale Makar               Vince Dunn                                        60     1   2  2  
 2 Mikhail Sergachev        Jake McCabe                                       40     1   2  2  

Penalty Kill 4 Players Forward 
   Center                   Wing                     Time % Phy DF OF 
 1 Casey Mittelstadt        Milan Lucic              60     1   2  2  
 2 Sean Couturier           Henrik Samuelsson        40     1   2  2  

Penalty Kill 4 Players Defense
   Defense                  Defense                  Time % Phy DF OF 
 1 Cale Makar               Jake McCabe              60     1   2  2  
 2 Mikhail Sergachev        Vince Dunn               40     1   2  2  

Penalty Kill - 3 Players Forward 
   Forward                                           Time % Phy DF OF 
 1 Casey Mittelstadt                                 60     1   2  2  
 2 Henrik Samuelsson                                 40     1   2  2  

Penalty Kill - 3 Players Defense
   Defense                  Defense                  Time % Phy DF OF 
 1 Cale Makar               Jake McCabe              60     1   2  2  
 2 Mikhail Sergachev        Vince Dunn               40     1   2  2  

4 vs 4 Forward 
   Center                   Wing                     Time % Phy DF OF 
 1 Sean Couturier           Milan Lucic              60     1   2  2  
 2 Tomas Hertl              Viktor Arvidsson         40     1   2  2  

4 vs 4 Defense
   Defense                  Defense                  Time % Phy DF OF 
 1 Cale Makar               Vince Dunn               60     1   2  2  
 2 Mikhail Sergachev        Jake McCabe              40     1   2  2  

Last Minutes Offensive
   Center                   Left Wing                Right Wing               Defense                  Defense                  
   Sean Couturier           Milan Lucic              Devante Smith-Pelly      Cale Makar               Vince Dunn               

Last Minutes Defensive
   Center                   Left Wing                Right Wing               Defense                  Defense                  
   Sean Couturier           Milan Lucic              Devante Smith-Pelly      Cale Makar               Mikhail Sergachev        

Goaltenders
Starting : Samuel Montembeault      
Backup : Eric Comrie              

Extra Forwards
Normal : Ryan Strome, Tomas Hertl, Ondrej Palat - PP : Ryan Strome, Tomas Hertl - PK : Ryan Strome
Extra Defensemen
Normal : Vince Dunn, Derrick Pouliot, Steven Santini - PP : Vince Dunn - PK : Vince Dunn, Derrick Pouliot
Penalty Shots
Milan Lucic, Sean Couturier, Viktor Arvidsson, Devante Smith-Pelly, Ryan Strome
Custom OT Lines Forwards
Milan Lucic, Sean Couturier, Viktor Arvidsson, Devante Smith-Pelly, Ryan Strome, Tomas Hertl, Ondrej Palat, Oliver Bjorkstrand, David Pope, Henrik Samuelsson
Custom OT Lines Defensemen
Cale Makar, Jake McCabe, Mikhail Sergachev, Vince Dunn, Derrick Pouliot

Scratches
Connor Chatam (Healthy)

% Time on Ice - Red Wings

Lines # - Real PCT - Wanted PCT - Time Play
Normal Forward
1 - 37% - 35% - 15:23
2 - 31% - 35% - 12:46
3 - 19% - 20% - 7:56
4 - 14% - 10% - 5:46
Normal Defense
1 - 44% - 40% - 18:19
2 - 34% - 30% - 14:07
3 - 17% - 20% - 7:01
4 - 6% - 10% - 2:24
PP Forward
1 - 57% - 60% - 3:24
2 - 43% - 40% - 2:33
PP Defense
1 - 61% - 60% - 3:36
2 - 39% - 40% - 2:21
PK Forward
1 - 74% - 60% - 9:00
2 - 26% - 40% - 3:12
PK Defense
1 - 58% - 60% - 7:05
2 - 42% - 40% - 5:07
PK3 Forward
1 - 0% - 60%
2 - 0% - 40%
PK3 Defense
1 - 0% - 60%
2 - 0% - 40%
44 Forward
1 - 0% - 60%
2 - 0% - 40%
44 Defense
1 - 0% - 60%
2 - 0% - 40%
Last Minute Offensive  - 0:00
Last Minute Defensive  - 0:00
Total
Forward - 60:00
Defense - 60:00

% Time on Ice - Rangers

Lines # - Real PCT - Wanted PCT - Time Play
Normal Forward
1 - 30% - 30% - 12:36
2 - 31% - 30% - 12:47
3 - 19% - 20% - 7:48
4 - 21% - 20% - 8:40
Normal Defense
1 - 37% - 40% - 15:24
2 - 31% - 35% - 13:02
3 - 32% - 25% - 13:25
4 - 0% - 0% - 0:00
PP Forward
1 - 59% - 60% - 7:15
2 - 41% - 40% - 4:57
PP Defense
1 - 60% - 60% - 7:21
2 - 40% - 40% - 4:51
PK Forward
1 - 90% - 60% - 5:22
2 - 10% - 40% - 0:35
PK Defense
1 - 57% - 60% - 3:22
2 - 43% - 40% - 2:35
PK3 Forward
1 - 0% - 60%
2 - 0% - 40%
PK3 Defense
1 - 0% - 60%
2 - 0% - 40%
44 Forward
1 - 0% - 60%
2 - 0% - 40%
44 Defense
1 - 0% - 60%
2 - 0% - 40%
Last Minute Offensive  - 0:00
Last Minute Defensive  - 0:00
Total
Forward - 60:00
Defense - 60:00

Play-by-Play

1st period


0:01 of 1st period - Dylan Larkin wins face-off versus Sean Couturier in neutral zone.
0:26 of 1st period - Ryan Johansen is hit by Milan Lucic and loses puck.
1:00 of 1st period - Roland McKeown is hit by Vince Dunn and loses puck.
1:48 of 1st period - Icing by Michael Kostka.
1:49 of 1st period - Dylan Larkin wins face-off versus Sebastian Collberg in Red Wings zone.
1:56 of 1st period - Snap shot by Connor Brown.
1:56 of 1st period - Stopped by Samuel Montembeault with a rebound.
2:22 of 1st period - Wrist shot by Nino Niederreiter.
2:22 of 1st period - Shot Blocked by Cale Makar.
2:48 of 1st period - Backhand shot by Sean Couturier.
2:48 of 1st period - Shot Misses the Net.
2:50 of 1st period - Snap shot by Sean Couturier.
2:50 of 1st period - Stopped by Carter Hart without a rebound.
2:51 of 1st period - T.J. Hensick wins face-off versus Tomas Hertl in Red Wings zone.
3:40 of 1st period - Snap shot by Vince Dunn.
3:40 of 1st period - Deflect By Sebastian Collberg.
3:40 of 1st period - Stopped by Carter Hart with a rebound.
3:48 of 1st period - Snap shot by Danton Heinen.
3:48 of 1st period - Stopped by Samuel Montembeault with a rebound.
3:50 of 1st period - Snap shot by Dylan Larkin.
3:50 of 1st period - Shot Misses the Net.
4:02 of 1st period - Slapshot by Jason Akeson.
4:02 of 1st period - Deflect By Vince Dunn.
4:02 of 1st period - Stopped by Samuel Montembeault with a rebound.
4:04 of 1st period - Slapshot by Logan Brown.
4:04 of 1st period - Shot Misses the Net.
4:06 of 1st period - Slapshot by Gabriel Carlsson.
4:06 of 1st period - Stopped by Samuel Montembeault with a rebound.
4:08 of 1st period - Snap shot by Jason Akeson.
4:08 of 1st period - Shot Misses the Net.
4:10 of 1st period - Wrist shot by Christoffer Ehn.
4:10 of 1st period - Stopped by Samuel Montembeault with a rebound.
4:32 of 1st period - Slapshot by Milan Lucic.
4:32 of 1st period - Stopped by Carter Hart without a rebound.
4:33 of 1st period - Ryan Strome wins face-off versus Ryan Johansen in Red Wings zone.
4:39 of 1st period - Icing by Ryan Johansen.
4:40 of 1st period - Sean Couturier wins face-off versus Ryan Johansen in Red Wings zone.
4:41 of 1st period - Slapshot by Viktor Arvidsson.
4:41 of 1st period - Shot Misses the Net.
4:52 of 1st period - Sean Couturier is hit by Colton Parayko and loses puck.
5:39 of 1st period - Wrist shot by Jake Virtanen.
5:39 of 1st period - Shot Misses the Net.
5:41 of 1st period - Snap shot by Ryan Johansen.
5:41 of 1st period - Stopped by Samuel Montembeault without a rebound.
5:42 of 1st period - Dylan Larkin wins face-off versus Milan Lucic in Rangers zone.
5:47 of 1st period - Snap shot by Connor Brown.
5:47 of 1st period - Shot Misses the Net.
5:57 of 1st period - Wrist shot by Danton Heinen.
5:57 of 1st period - Shot Blocked by Milan Lucic.
6:17 of 1st period - Slapshot by Jason Akeson.
6:17 of 1st period - Stopped by Samuel Montembeault without a rebound.
6:18 of 1st period - Christoffer Ehn wins face-off versus Casey Mittelstadt in Rangers zone.
6:59 of 1st period - Wrist shot by Christoffer Ehn.
6:59 of 1st period - Deflect By Logan Brown.
6:59 of 1st period - Shot Misses the Net.
6:59 of 1st period - Puck is out of play.
7:00 of 1st period - Dylan Larkin wins face-off versus Tomas Hertl in Rangers zone.
7:01 of 1st period - Wrist shot by Connor Brown.
7:01 of 1st period - Shot Misses the Net.
7:11 of 1st period - Snap shot by Tomas Hertl.
7:11 of 1st period - Shot Misses the Net.
7:17 of 1st period - Wrist shot by Milan Lucic.
7:17 of 1st period - Stopped by Carter Hart without a rebound.
7:18 of 1st period - Henrik Samuelsson wins face-off versus Jake Virtanen in Red Wings zone.
7:34 of 1st period - Minor Penalty to Ryan Johansen for Cross-checking.
7:35 of 1st period - Milan Lucic wins face-off versus Christoffer Ehn in Red Wings zone.
7:49 of 1st period - Snap shot by Milan Lucic.
7:49 of 1st period - Shot Blocked by Carson Mcmillan.
7:51 of 1st period - Slapshot by Ryan Strome.
7:51 of 1st period - Goal by Ryan Strome - Red Wings : 0 - Rangers : 1.
7:52 of 1st period - Tomas Hertl wins face-off versus Dylan Larkin in neutral zone.
9:11 of 1st period - Christoffer Ehn is hit by Devante Smith-Pelly.
9:17 of 1st period - Wrist shot by Jason Akeson.
9:17 of 1st period - Shot Hit the Post.
9:36 of 1st period - Snap shot by Casey Mittelstadt.
9:36 of 1st period - Shot Misses the Net.
9:38 of 1st period - Wrist shot by Devante Smith-Pelly.
9:38 of 1st period - Stopped by Carter Hart without a rebound.
9:39 of 1st period - Tomas Hertl wins face-off versus Ryan Johansen in Red Wings zone.
9:48 of 1st period - Wrist shot by Tomas Hertl.
9:48 of 1st period - Stopped by Carter Hart with a rebound.
9:56 of 1st period - Wrist shot by Oliver Bjorkstrand.
9:56 of 1st period - Shot Misses the Net.
10:10 of 1st period - Snap shot by Sean Couturier.
10:10 of 1st period - Shot Misses the Net.
10:12 of 1st period - Slapshot by Viktor Arvidsson.
10:12 of 1st period - Shot Misses the Net.
11:16 of 1st period - Slapshot by Cale Makar.
11:16 of 1st period - Shot Blocked by Jake Virtanen.
11:18 of 1st period - Snap shot by Milan Lucic.
11:18 of 1st period - Deflect By Oliver Bjorkstrand.
11:18 of 1st period - Stopped by Carter Hart with a rebound.
11:20 of 1st period - Wrist shot by Cale Makar.
11:20 of 1st period - Stopped by Carter Hart without a rebound.
11:21 of 1st period - Tomas Hertl wins face-off versus Ryan Johansen in Red Wings zone.
11:55 of 1st period - Minor Penalty to Colton Parayko for Holding.
11:56 of 1st period - Christoffer Ehn wins face-off versus Sean Couturier in Red Wings zone.
13:31 of 1st period - Devante Smith-Pelly is hit by Nino Niederreiter and loses puck.
13:55 of 1st period - Penalty to Colton Parayko is over, Colton Parayko is back on ice.
15:07 of 1st period - Henrik Samuelsson is hit by Carson Mcmillan.
15:30 of 1st period - Icing by Nino Niederreiter.
15:31 of 1st period - Ryan Johansen wins face-off versus David Pope in Red Wings zone.
15:58 of 1st period - Slapshot by Oliver Bjorkstrand.
15:58 of 1st period - Shot Blocked by T.J. Hensick.
16:01 of 1st period - Icing by Carson Mcmillan.
16:02 of 1st period - T.J. Hensick wins face-off versus Sean Couturier in Red Wings zone.
16:21 of 1st period - Wrist shot by T.J. Hensick.
16:21 of 1st period - Stopped by Samuel Montembeault without a rebound.
16:22 of 1st period - Tomas Hertl wins face-off versus Dylan Larkin in Rangers zone.
16:37 of 1st period - Slapshot by Oliver Bjorkstrand.
16:37 of 1st period - Goal by Oliver Bjorkstrand - Red Wings : 0 - Rangers : 2.
16:38 of 1st period - Sean Couturier wins face-off versus Dylan Larkin in neutral zone.
16:51 of 1st period - Snap shot by Cale Makar.
16:51 of 1st period - Shot Misses the Net.
17:34 of 1st period - Wrist shot by Ondrej Palat.
17:34 of 1st period - Stopped by Carter Hart with a rebound.
17:36 of 1st period - Wrist shot by Ondrej Palat.
17:36 of 1st period - Stopped by Carter Hart without a rebound.
17:37 of 1st period - Sean Couturier wins face-off versus Dylan Larkin in Red Wings zone.
17:38 of 1st period - Snap shot by Viktor Arvidsson.
17:38 of 1st period - Shot Misses the Net.
17:50 of 1st period - Wrist shot by Viktor Arvidsson.
17:50 of 1st period - Shot Misses the Net.
18:04 of 1st period - Martin Marincin is hit by Mikhail Sergachev and loses puck.
18:25 of 1st period - Snap shot by Danton Heinen.
18:25 of 1st period - Stopped by Samuel Montembeault with a rebound.
18:51 of 1st period - Snap shot by Dylan Larkin.
18:51 of 1st period - Shot Hit the Post.
18:53 of 1st period - Snap shot by Roland McKeown.
18:53 of 1st period - Shot Blocked by Mikhail Sergachev.
19:19 of 1st period - Snap shot by Dylan Larkin.
19:19 of 1st period - Shot Misses the Net.
19:21 of 1st period - Snap shot by Colton Parayko.
19:21 of 1st period - Stopped by Samuel Montembeault with a rebound.
19:23 of 1st period - Snap shot by Colton Parayko.
19:23 of 1st period - Stopped by Samuel Montembeault without a rebound.
19:24 of 1st period - Ryan Johansen wins face-off versus Sean Couturier in Rangers zone.
19:51 of 1st period - Jason Akeson is hit by Cale Makar and loses puck.
Goals for this period are 0 for Red Wings vs 2 for Rangers.
Shots for this period are 11 for Red Wings vs 12 for Rangers.

2nd period


0:01 of 2nd period - Ryan Johansen wins face-off versus Tomas Hertl in neutral zone.
0:26 of 2nd period - Viktor Arvidsson is hit by Ivan Provorov and loses puck.
0:39 of 2nd period - Slapshot by Viktor Arvidsson.
0:39 of 2nd period - Stopped by Carter Hart with a rebound.
1:14 of 2nd period - Michael Kostka is hit by Henrik Samuelsson and loses puck.
1:56 of 2nd period - Tomas Hertl is hit by Christoffer Ehn.
2:31 of 2nd period - Snap shot by Milan Lucic.
2:31 of 2nd period - Stopped by Carter Hart with a rebound.
2:33 of 2nd period - Wrist shot by Steven Santini.
2:33 of 2nd period - Shot Misses the Net.
2:35 of 2nd period - Slapshot by Derrick Pouliot.
2:35 of 2nd period - Shot Misses the Net.
2:37 of 2nd period - Snap shot by Tomas Hertl.
2:37 of 2nd period - Stopped by Carter Hart with a rebound.
2:39 of 2nd period - Snap shot by Tomas Hertl.
2:39 of 2nd period - Goal by Tomas Hertl - Red Wings : 0 - Rangers : 3.
2:40 of 2nd period - Ryan Johansen wins face-off versus Viktor Arvidsson in neutral zone.
2:43 of 2nd period - Sean Couturier is hit by Jake Virtanen and loses puck.
2:57 of 2nd period - Wrist shot by Viktor Arvidsson.
2:57 of 2nd period - Stopped by Carter Hart with a rebound.
3:13 of 2nd period - Ivan Provorov is hit by Casey Mittelstadt and loses puck.
3:32 of 2nd period - Wrist shot by Brendan Woods.
3:32 of 2nd period - Shot Misses the Net.
3:56 of 2nd period - Slapshot by Devante Smith-Pelly.
3:56 of 2nd period - Shot Blocked by T.J. Hensick.
3:58 of 2nd period - Slapshot by Mikhail Sergachev.
3:58 of 2nd period - Stopped by Carter Hart with a rebound.
4:00 of 2nd period - Wrist shot by Devante Smith-Pelly.
4:00 of 2nd period - Stopped by Carter Hart with a rebound.
4:04 of 2nd period - Snap shot by Casey Mittelstadt.
4:04 of 2nd period - Shot Hit the Post.
4:06 of 2nd period - Snap shot by Casey Mittelstadt.
4:06 of 2nd period - Stopped by Carter Hart with a rebound.
4:08 of 2nd period - Slapshot by Vince Dunn.
4:08 of 2nd period - Stopped by Carter Hart with a rebound.
4:10 of 2nd period - Slapshot by Vince Dunn.
4:10 of 2nd period - Shot Blocked by Gabriel Carlsson.
4:12 of 2nd period - Slapshot by Mikhail Sergachev.
4:12 of 2nd period - Stopped by Carter Hart without a rebound.
4:13 of 2nd period - Sean Couturier wins face-off versus Ryan Johansen in Red Wings zone.
4:40 of 2nd period - Jake McCabe is hit by Jason Akeson and loses puck.
4:49 of 2nd period - Snap shot by Christoffer Ehn.
4:49 of 2nd period - Deflect By Logan Brown.
4:49 of 2nd period - Stopped by Samuel Montembeault without a rebound.
4:50 of 2nd period - Tomas Hertl wins face-off versus Dylan Larkin in Rangers zone.
4:52 of 2nd period - Minor Penalty to Milan Lucic for Tripping.
4:53 of 2nd period - Dylan Larkin wins face-off versus Casey Mittelstadt in Rangers zone.
6:18 of 2nd period - Dylan Larkin is hit by Ondrej Palat and loses puck.
6:23 of 2nd period - Slapshot by Cale Makar.
6:23 of 2nd period - Stopped by Carter Hart with a rebound.
6:41 of 2nd period - David Pope is hit by Dylan Larkin and loses puck.
6:52 of 2nd period - Penalty to Milan Lucic is over, Milan Lucic is back on ice.
7:06 of 2nd period - Snap shot by Milan Lucic.
7:06 of 2nd period - Stopped by Carter Hart with a rebound.
7:08 of 2nd period - Snap shot by Milan Lucic.
7:08 of 2nd period - Goal by Milan Lucic - Red Wings : 0 - Rangers : 4.
7:09 of 2nd period - Christoffer Ehn wins face-off versus Sean Couturier in neutral zone.
8:09 of 2nd period - Slapshot by Colton Parayko.
8:09 of 2nd period - Shot Blocked by Derrick Pouliot.
9:04 of 2nd period - Icing by Jason Akeson.
9:05 of 2nd period - Tomas Hertl wins face-off versus Christoffer Ehn in Red Wings zone.
9:08 of 2nd period - Snap shot by Milan Lucic.
9:08 of 2nd period - Shot Blocked by Martin Marincin.
9:33 of 2nd period - Off-side.
9:34 of 2nd period - Sean Couturier wins face-off versus Ryan Johansen in neutral zone.
9:45 of 2nd period - Viktor Arvidsson is hit by Ivan Provorov and loses puck.
10:06 of 2nd period - Wrist shot by Connor Brown.
10:06 of 2nd period - Stopped by Samuel Montembeault with a rebound.
10:23 of 2nd period - Colton Parayko is hit by Vince Dunn and loses puck.
10:32 of 2nd period - Snap shot by T.J. Hensick.
10:32 of 2nd period - Stopped by Samuel Montembeault without a rebound.
10:33 of 2nd period - Ryan Johansen wins face-off versus Sean Couturier in Rangers zone.
10:41 of 2nd period - Minor Penalty to Ryan Johansen for Delaying the game.
10:42 of 2nd period - Sean Couturier wins face-off versus Christoffer Ehn in Red Wings zone.
10:58 of 2nd period - Icing by Vince Dunn.
10:59 of 2nd period - Carson Mcmillan wins face-off versus Sean Couturier in Rangers zone.
11:34 of 2nd period - Slapshot by Cale Makar.
11:34 of 2nd period - Shot Misses the Net.
11:36 of 2nd period - Slapshot by Vince Dunn.
11:36 of 2nd period - Stopped by Carter Hart without a rebound.
11:37 of 2nd period - Tomas Hertl wins face-off versus Christoffer Ehn in Red Wings zone.
12:18 of 2nd period - Carson Mcmillan is hit by Cale Makar.
12:28 of 2nd period - Michael Kostka is hit by Vince Dunn and loses puck.
12:39 of 2nd period - Snap shot by Brendan Woods.
12:39 of 2nd period - Shot Blocked by Cale Makar.
12:41 of 2nd period - Penalty to Ryan Johansen is over, Ryan Johansen is back on ice.
12:53 of 2nd period - Wrist shot by Danton Heinen.
12:53 of 2nd period - Stopped by Samuel Montembeault with a rebound.
12:55 of 2nd period - Snap shot by Martin Marincin.
12:55 of 2nd period - Shot Blocked by Henrik Samuelsson.
12:57 of 2nd period - Slapshot by Connor Brown.
12:57 of 2nd period - Shot Blocked by Steven Santini.
12:59 of 2nd period - Snap shot by Gabriel Carlsson.
12:59 of 2nd period - Stopped by Samuel Montembeault with a rebound.
13:15 of 2nd period - Slapshot by Ondrej Palat.
13:15 of 2nd period - Stopped by Carter Hart with a rebound.
13:17 of 2nd period - Slapshot by Steven Santini.
13:17 of 2nd period - Shot Blocked by Ivan Provorov.
13:19 of 2nd period - Slapshot by Steven Santini.
13:19 of 2nd period - Shot Misses the Net.
13:21 of 2nd period - Slapshot by Steven Santini.
13:21 of 2nd period - Stopped by Carter Hart without a rebound.
13:22 of 2nd period - Tomas Hertl wins face-off versus Dylan Larkin in Red Wings zone.
14:02 of 2nd period - Slapshot by Cale Makar.
14:02 of 2nd period - Shot Misses the Net.
14:08 of 2nd period - Minor Penalty to Colton Parayko for Hooking.
14:09 of 2nd period - Sean Couturier wins face-off versus Christoffer Ehn in Red Wings zone.
14:10 of 2nd period - Slapshot by Cale Makar.
14:10 of 2nd period - Shot Misses the Net.
14:26 of 2nd period - Slapshot by Michael Kostka.
14:26 of 2nd period - Deflect By Vince Dunn.
14:26 of 2nd period - Stopped by Samuel Montembeault without a rebound.
14:27 of 2nd period - Christoffer Ehn wins face-off versus Viktor Arvidsson in Rangers zone.
14:34 of 2nd period - Wrist shot by Viktor Arvidsson.
14:34 of 2nd period - Stopped by Carter Hart with a rebound.
14:58 of 2nd period - Milan Lucic is hit by Roland McKeown and loses puck.
16:08 of 2nd period - Penalty to Colton Parayko is over, Colton Parayko is back on ice.
16:45 of 2nd period - Devante Smith-Pelly is hit by Nino Niederreiter and loses puck.
17:04 of 2nd period - Brendan Woods is hit by David Pope and loses puck.
17:35 of 2nd period - Snap shot by Logan Brown.
17:35 of 2nd period - Stopped by Samuel Montembeault without a rebound.
17:36 of 2nd period - Casey Mittelstadt wins face-off versus Ryan Johansen in Rangers zone.
17:47 of 2nd period - Snap shot by Jake Virtanen.
17:47 of 2nd period - Shot Misses the Net.
18:20 of 2nd period - Dylan Larkin is hit by Tomas Hertl and loses puck.
18:31 of 2nd period - Wrist shot by Dylan Larkin.
18:31 of 2nd period - Stopped by Samuel Montembeault with a rebound.
18:33 of 2nd period - Slapshot by Martin Marincin.
18:33 of 2nd period - Shot Blocked by Jake McCabe.
18:35 of 2nd period - Snap shot by Dylan Larkin.
18:35 of 2nd period - Stopped by Samuel Montembeault with a rebound.
18:39 of 2nd period - Slapshot by Danton Heinen.
18:39 of 2nd period - Stopped by Samuel Montembeault with a rebound.
18:41 of 2nd period - Slapshot by Roland McKeown.
18:41 of 2nd period - Deflect By Cale Makar.
18:41 of 2nd period - Goal by Roland McKeown - Red Wings : 1 - Rangers : 4.
18:42 of 2nd period - Sean Couturier wins face-off versus Jake Virtanen in neutral zone.
18:53 of 2nd period - Snap shot by Viktor Arvidsson.
18:53 of 2nd period - Stopped by Carter Hart without a rebound.
18:54 of 2nd period - Ryan Johansen wins face-off versus Sean Couturier in Red Wings zone.
19:18 of 2nd period - Icing by Ryan Strome.
19:19 of 2nd period - Dylan Larkin wins face-off versus Tomas Hertl in Rangers zone.
19:32 of 2nd period - Wrist shot by Danton Heinen.
19:32 of 2nd period - Shot Blocked by Cale Makar.
19:34 of 2nd period - Slapshot by Colton Parayko.
19:34 of 2nd period - Stopped by Samuel Montembeault with a rebound.
19:36 of 2nd period - Snap shot by Danton Heinen.
19:36 of 2nd period - Goal by Danton Heinen - Red Wings : 2 - Rangers : 4.
19:37 of 2nd period - Sean Couturier wins face-off versus Ryan Johansen in neutral zone.
19:50 of 2nd period - Wrist shot by Ryan Johansen.
19:50 of 2nd period - Stopped by Samuel Montembeault with a rebound.
19:52 of 2nd period - Snap shot by Nino Niederreiter.
19:52 of 2nd period - Shot Blocked by Sean Couturier.
19:54 of 2nd period - Wrist shot by Nino Niederreiter.
19:54 of 2nd period - Shot Misses the Net.
Goals for this period are 2 for Red Wings vs 2 for Rangers.
Shots for this period are 14 for Red Wings vs 18 for Rangers.

3rd period


0:01 of 3rd period - Sean Couturier wins face-off versus Ryan Johansen in neutral zone.
0:28 of 3rd period - Off-side.
0:29 of 3rd period - Tomas Hertl wins face-off versus Dylan Larkin in neutral zone.
0:38 of 3rd period - Snap shot by Milan Lucic.
0:38 of 3rd period - Stopped by Carter Hart without a rebound.
0:38 of 3rd period - Minor Penalty to Milan Lucic for High sticking.
0:39 of 3rd period - Dylan Larkin wins face-off versus Casey Mittelstadt in Rangers zone.
0:44 of 3rd period - Wrist shot by Connor Brown.
0:44 of 3rd period - Stopped by Samuel Montembeault with a rebound.
1:05 of 3rd period - Ryan Johansen is hit by Casey Mittelstadt and loses puck.
2:38 of 3rd period - Penalty to Milan Lucic is over, Milan Lucic is back on ice.
4:16 of 3rd period - Derrick Pouliot is hit by Christoffer Ehn and loses puck.
4:32 of 3rd period - Icing by Milan Lucic.
4:33 of 3rd period - Oliver Bjorkstrand wins face-off versus Ryan Johansen in Rangers zone.
4:42 of 3rd period - Backhand shot by Tomas Hertl.
4:42 of 3rd period - Shot Misses the Net.
5:34 of 3rd period - Christoffer Ehn is hit by Mikhail Sergachev and loses puck.
6:22 of 3rd period - Wrist shot by Connor Brown.
6:22 of 3rd period - Stopped by Samuel Montembeault with a rebound.
6:24 of 3rd period - Slapshot by Colton Parayko.
6:24 of 3rd period - Stopped by Samuel Montembeault with a rebound.
6:26 of 3rd period - Snap shot by Danton Heinen.
6:26 of 3rd period - Stopped by Samuel Montembeault without a rebound.
6:27 of 3rd period - Sean Couturier wins face-off versus Christoffer Ehn in Rangers zone.
7:18 of 3rd period - Wrist shot by Connor Brown.
7:18 of 3rd period - Stopped by Samuel Montembeault without a rebound.
7:19 of 3rd period - Danton Heinen wins face-off versus Sean Couturier in Rangers zone.
7:47 of 3rd period - Tomas Hertl is hit by Jake Virtanen and loses puck.
7:54 of 3rd period - Snap shot by Jake Virtanen.
7:54 of 3rd period - Stopped by Samuel Montembeault without a rebound.
7:55 of 3rd period - Sean Couturier wins face-off versus Ryan Johansen in Rangers zone.
9:24 of 3rd period - Minor Penalty to Ondrej Palat for Holding.
9:25 of 3rd period - Casey Mittelstadt wins face-off versus Ryan Johansen in Rangers zone.
9:49 of 3rd period - Cale Makar is hit by Logan Brown and loses puck.
10:35 of 3rd period - Sean Couturier is hit by Nino Niederreiter and loses puck.
11:24 of 3rd period - Penalty to Ondrej Palat is over, Ondrej Palat is back on ice.
11:39 of 3rd period - Minor Penalty to Brendan Woods for Hooking.
11:40 of 3rd period - Christoffer Ehn wins face-off versus Sean Couturier in Red Wings zone.
12:04 of 3rd period - Gabriel Carlsson is hit by Devante Smith-Pelly and loses puck.
13:39 of 3rd period - Penalty to Brendan Woods is over, Brendan Woods is back on ice.
13:57 of 3rd period - Snap shot by Connor Brown.
13:57 of 3rd period - Stopped by Samuel Montembeault without a rebound.
13:58 of 3rd period - Henrik Samuelsson wins face-off versus Dylan Larkin in Rangers zone.
14:13 of 3rd period - Backhand shot by Steven Santini.
14:13 of 3rd period - Deflect By David Pope.
14:13 of 3rd period - Stopped by Carter Hart without a rebound.
14:14 of 3rd period - Henrik Samuelsson wins face-off versus Ryan Johansen in Red Wings zone.
14:27 of 3rd period - Slapshot by Steven Santini.
14:27 of 3rd period - Shot Misses the Net.
15:01 of 3rd period - Roland McKeown is hit by Sean Couturier and loses puck.
15:12 of 3rd period - Snap shot by Viktor Arvidsson.
15:12 of 3rd period - Deflect By Ryan Strome.
15:12 of 3rd period - Stopped by Carter Hart with a rebound.
15:14 of 3rd period - Double Minor Penalty to Logan Brown for Slashing.
15:15 of 3rd period - Sean Couturier wins face-off versus Christoffer Ehn in Red Wings zone.
19:14 of 3rd period - Penalty to Logan Brown is over, Logan Brown is back on ice.
Goals for this period are 0 for Red Wings vs 0 for Rangers.
Shots for this period are 7 for Red Wings vs 3 for Rangers.